 Dungeon Crawl Stone Soup version 0.28.0-53-g5a82cb258f (webtiles) character file.

Game seed: 3685235354241126948

3035 protoss039 the Fighter (level 9, -10/75 HPs)
             Began as a Demonspawn Earth Elementalist on June 16, 2022.
             Was a Believer of Vehumet.
             Mangled by an orc warrior
             ... wielding a +0 flail
              (11 damage)
             ... on level 8 of the Dungeon.
             The game lasted 00:13:34 (10447 turns).

protoss039 the Fighter (DsEE)                      Turns: 10447, Time: 00:13:35

Health: -10/75     AC:  9    Str:  9    XL:     9   Next: 56%
Magic:  5/17       EV: 12    Int: 21    God:    Vehumet [**....]
Gold:   368        SH:  0    Dex: 13    Spells: 13/19 levels left

rFire   + . .      SeeInvis .   t - +4 quarterstaff (chaos)
rCold   . . .      Faith    .   (shield currently unavailable)
rNeg    . . .      Spirit   .   I - +2 robe {Will+}
rPois   .          Reflect  .   j - +0 helmet
rElec   .          Harm     .   G - scarf {repulsion}
rCorr   .          Rampage  .   v - +0 pair of gloves
Will    +....                   (no boots)
Stlth   ++........              s - amulet of the acrobat
HPRegen 0.22/turn               k - ring of protection from fire
MPRegen 0.15/turn               g - ring of wizardry

@: about to teleport, repel missiles
A: yellow scales 2, powered by death 1
a: Renounce Religion


You were on level 8 of the Dungeon.
You worshipped Vehumet.
Vehumet was pleased with you.
You visited 2 branches of the dungeon, and saw 9 of its levels.
You also visited: Sewer.

You collected 368 gold pieces.

Inventory:

Hand Weapons
 m - a +2 mace of draining
 t - a +4 quarterstaff of chaos (weapon)
 w - a +0 dagger of venom
Missiles
 b - 2 throwing nets
 c - 58 stones
Armour
 j - a +0 helmet (worn)
 u - a +0 cloak
 v - a +0 pair of gloves (worn)
 G - a scarf of repulsion (worn)
 I - a +2 robe of willpower (worn)
Magical Staves
 h - a staff of conjuration
Jewellery
 g - a ring of wizardry (right hand)
 k - a ring of protection from fire (left hand)
 s - an amulet of the acrobat (around neck)
 H - a ring of flight
Wands
 q - a wand of iceblast (20)
 E - a wand of polymorph (3)
Scrolls
 d - a scroll of summoning
 o - a scroll of amnesia
 y - 2 scrolls of teleportation
 A - a scroll of magic mapping
 D - a scroll of enchant weapon
Potions
 a - a potion of curing
 e - 2 potions of resistance
 f - 3 potions of lignification
 n - 4 potions of brilliance
 p - a potion of flight {unknown}
 r - a potion of berserk rage {unknown}
 x - a potion of haste {unknown}
 z - a potion of might {unknown}
 B - a potion of cancellation {unknown}
 C - 2 potions of magic {unknown}
 F - a potion of mutation {unknown}


   Skills:
 * Level 8.8 Fighting
 - Level 3.0 Armour
 - Level 1.7 Dodging
 - Level 1.7 Stealth
 + Level 5.9 Spellcasting
 - Level 3.0 Conjurations
 - Level 1.0 Transmutations
 + Level 6.3 Earth Magic


You had 13 spell levels left.
You knew the following spells:

 Your Spells              Type           Power      Damage    Failure   Level
a - Sandblast             Erth           64%        2d14      1%          1
b - Passwall              Tmut/Erth      17%        N/A       1%          2
c - Stone Arrow           Conj/Erth      50%        3d10      1%          3

Your spell library contained the following spells:

 Spells                   Type           Power      Damage    Failure   Level
 Poisonous Vapours        Pois/Air       12%        N/A       6%          2
 Petrify                  Tmut/Erth      21%        N/A       9%          4
 Lee's Rapid Deconstruct  Erth           16%        3d11*     9%          5
 Leda's Liquefaction      Hex/Erth       9%         N/A       11%         4
 Statue Form              Tmut/Erth      14%        N/A       77%         6


Dungeon Overview and Level Annotations

Branches:
Dungeon (8/15)             Temple (1/1) D:4           Sewer (visited)
   Lair: D:8-11

Altars:
Ashenzari
Cheibriados
Dithmenos
Elyvilon
Fedhas
Gozag
Hepliaklqana
Kikubaaqudgha
Makhleb
Nemelex Xobeh
Okawaru
Qazlal
Ru
Sif Muna
Trog
Uskayaw
Vehumet
Wu Jian
Xom
Yredelemnul
Zin
The Shining One

Annotations:
D:6 2 runed translucent doors, SHADDY's ghost, novice DDFi


Innate Abilities, Weirdness & Mutations

You are mostly covered in yellow scales. (AC +3)
You regenerate a little health from kills.


Message History

Confirm with . or Enter, or press ? or * to list all spells.
Aiming: Stone Arrow (safe; 1% risk of failure)
Press: ? - help, Shift-Dir - straight line, f/p - orc warrior
Aim: an orc warrior, wielding a +0 flail and wearing a +0 chain mail (68% to hit)
The stone arrow hits the orc warrior!
The orc warrior is moderately wounded.
The orc warrior barely misses you.
You hit the orc warrior but do no damage.
The orc warrior is moderately wounded.
The orc warrior hits you with a +0 flail! x2
You hit the orc warrior but do no damage.
The orc warrior is moderately wounded.
The orc warrior hits you with a +0 flail.
You closely miss the orc warrior.
The orc warrior is moderately wounded.
The orc warrior hits you with a +0 flail!
You hit the orc warrior but do no damage.
The orc warrior is moderately wounded.
The orc warrior barely misses you.
The orc warrior hits you with a +0 flail.
You hit the orc warrior but do no damage.
The orc warrior goes berserk!
The orc warrior is moderately wounded.
The orc warrior hits you with a +0 flail! x2
* * * LOW HITPOINT WARNING * * *
Press: ? - help, v - describe, . - travel, g - get item
Here: an orc warrior, wielding a +0 flail and wearing a +0 chain mail (moderately wounded, berserk) Item here: a +0 dagger.
The floor.
As you read the scroll of teleportation, it crumbles to dust.
You feel strangely unstable.
The orc warrior hits you with a +0 flail.
* * * LOW HITPOINT WARNING * * *
Unknown command.
Unknown command.
You feel better.
The orc warrior hits you with a +0 flail!
* * * LOW HITPOINT WARNING * * *
The orc warrior hits you with a +0 flail!
You die...

####### #.........
......# #.........
......# #.........
......# #....)....
......# #....<....
......#########.[.......
......[.........o.......
###.....#######.@.......
#......## #...#####.#.
#...<.).###.###
+...........#
#.......#.#...#
##.....##.###..#
+.......#.# #....
#.......#.# ###.#
#.........# #


You could see an orc warrior (berserk).

Vanquished Creatures
  Grinder (D:6)
  Sigmund (D:3)
  Eustachio (D:5)
  2 steam dragons (D:6)
  Duvessa (D:7)
  A water moccasin (D:5)
  Pargi (D:2)
  2 black bears
  A sky beast (D:7)
  A necrophage (D:5)
  An ogre (D:5)
  A phantom (D:7)
  A centaur (D:8)
  2 scorpions
  A wyvern zombie (D:6)
  A water moccasin zombie (D:5)
  Dowan (D:7)
  A water moccasin skeleton (D:5)
  3 killer bees (D:5)
  4 wights (D:6)
  4 jellies
  A centaur skeleton (D:6)
  Crazy Yiuf (D:3)
  A gnoll shaman (D:6)
  An orc priest (D:4)
  A bullfrog skeleton (D:4)
  An orc wizard (D:4)
  Natasha (thrice) (D:2)
  Terence (D:2)
  An iguana (D:5)
  Robin (D:2)
  4 gnolls (D:6)
  11 adders
  3 river rats
  A shadow imp (D:5)
  An ufetubus (D:5)
  3 worms
  4 dart slugs
  22 orcs
  8 bats
  14 endoplasms
  A giant cockroach (D:3)
  14 goblins
  8 hobgoblins
  6 jackals
  9 kobolds
  7 quokkas
  10 ball pythons
  5 frilled lizards
  5 rats
180 creatures vanquished.

Notes
Turn   | Place    | Note
-------+----------+-------------------------------------------
     0 | D:1      | protoss039 the Demonspawn Earth Elementalist began the
                  | quest for the Orb.
     0 | D:1      | Reached XP level 1. HP: 13/13 MP: 3/3
    78 | D:1      | Reached skill level 1 in Transmutations
    92 | D:2      | Reached skill level 1 in Fighting
    92 | D:2      | Gained mutation: You regenerate a little health from kills.
                  | [demonic ancestry]
    92 | D:2      | Reached XP level 2. HP: 14/21 MP: 0/5
   126 | D:2      | Found a stormy altar of Qazlal.
   800 | D:1      | Gained mutation: You are partially covered in yellow
                  | scales. (AC +2) [demonic ancestry]
   800 | D:1      | Reached XP level 3. HP: 26/26 MP: 3/6
   999 | D:1      | Reached skill level 1 in Armour
  1527 | D:1      | Learned a level 2 spell: Passwall
  1531 | D:1      | Learned a level 3 spell: Stone Arrow
  1558 | D:2      | Reached skill level 2 in Fighting
  1583 | D:2      | Noticed Natasha
  1588 | D:2      | Noticed Robin
  1589 | D:2      | Killed Natasha
  1590 | D:2      | Reached XP level 4. HP: 21/33 MP: 2/7
  1607 | D:1      | HP: 1/33 [goblin/+0 dagger[Robin] (3)]
  1932 | D:2      | Killed Robin
  1995 | D:2      | Noticed Natasha
  1995 | D:2      | Noticed Terence
  2313 | D:2      | Reached skill level 1 in Conjurations
  2342 | D:2      | Killed Natasha
  2485 | D:2      | Reached XP level 5. HP: 39/39 MP: 9/9
  2489 | D:2      | Killed Terence
  2540 | D:2      | Noticed Natasha
  2551 | D:2      | Killed Natasha
  2924 | D:3      | Noticed Pargi
  2991 | D:2      | Killed Pargi
  2992 | D:2      | Reached skill level 3 in Fighting
  2992 | D:2      | Reached XP level 6. HP: 11/47 MP: 0/10
  3323 | D:3      | Found a runed translucent door.
  3324 | D:3      | Noticed Crazy Yiuf
  3730 | D:3      | Found a faded altar of an unknown god.
  3972 | D:3      | Noticed Sigmund
  4215 | D:3      | Identified the +1 scale mail "Vosihod" {-Tele rC- Dex+9
                  | Stlth+}
  4419 | D:3      | Killed Crazy Yiuf
  4570 | D:3      | Killed Sigmund
  4652 | D:4      | Reached skill level 4 in Fighting
  4652 | D:4      | Reached XP level 7. HP: 44/54 MP: 1/12
  5172 | D:4      | Found a staircase to the Ecumenical Temple.
  5229 | Temple   | Entered the Ecumenical Temple
  5469 | Temple   | Became a worshipper of Vehumet
  6064 | D:5      | Entered Level 5 of the Dungeon
  6114 | D:5      | Noticed Eustachio
  6403 | D:5      | Reached skill level 5 in Fighting
  6577 | D:5      | Found a glowing drain.
  6581 | D:5      | Reached * piety under Vehumet
  6581 | D:5      | Offered knowledge of Magic Dart by Vehumet.
  6607 | Sewer    | Entered a sewer
  6671 | Sewer    | Reached XP level 8. HP: 63/63 MP: 7/14
  7320 | D:5      | Reached skill level 6 in Fighting
  7617 | D:5      | Reached skill level 5 in Earth Magic
  7746 | D:5      | Killed Eustachio
  8173 | D:6      | Reached skill level 7 in Fighting
  8289 | D:6      | Reached skill level 5 in Spellcasting
  8290 | D:6      | Offered knowledge of Poisonous Vapours by Vehumet.
  8385 | D:6      | Reached ** piety under Vehumet
  8442 | D:6      | Gained mutation: You are mostly covered in yellow scales.
                  | (AC +3) [demonic ancestry]
  8442 | D:6      | Reached XP level 9. HP: 71/72 MP: 8/16
  8690 | D:6      | Noticed Grinder
  8696 | D:6      | Killed Grinder
  8697 | D:6      | Reached skill level 8 in Fighting
  9170 | D:6      | Found a runed translucent door.
  9171 | D:6      | Noticed SHADDY's ghost (novice DDFi)
  9408 | D:6      | Found a runed translucent door.
  9710 | D:7      | Noticed Duvessa
  9710 | D:7      | Noticed Dowan
  9720 | D:7      | Killed Duvessa
  9724 | D:7      | Killed Dowan
 10447 | D:8      | HP: 1/75 [orc warrior/+0 flail (17)]
 10447 | D:8      | Mangled by an orc warrior

Illustrated notes

Levels and vault maps discovered:
D:1:      mrwooster_arrival_arrow, layout_basic
D:2:      layout_rooms, basic_altar, chequers_mini_garden, uniq_natasha,
          uniq_robin, uniq_terence
D:3:      layout_basic, hellmonk_ecumenical_altar_blasted,
          kennysheep_generic_room_12, uniq_sigmund, uniq_crazy_yiuf_cottage,
          uniq_pargi
D:4:      layout_loops_corners, minmay_temple_entry_gardened_gates
D:5:      layout_basic, gup_sewer_entry_bubbles, uniq_eustachio
D:6:      cheibrodos_steamvent, layout_loops_ring, ebering_ghost_sewer_f,
          uniq_grinder
D:7:      layout_layer_cave, uniq_duvessa
D:8:      layout_rooms, mainiacjoe_overflow_24_doors, david_lair_generic
Temple:   roderic_octagonal_lattice_temple

Skill      XL: |  1  2  3  4  5  6  7  8  9 |
---------------+----------------------------+-----
Transmutations | 1 |  1.0
Fighting       | 1 2 3 4 5 7 8 |  8.8
Armour         | 1 2 3 |  3.0
Earth Magic    | 3 4 5 6 |  6.3
Conjurations   | 1 2 3 |  3.0
Spellcasting   | 3 4 5 |  5.9
Dodging        | |  1.7
Stealth        | |  1.7

Action                   |  1- 3 |  4- 6 |  7- 9 || total
-------------------------+-------+-------+-------++-------
Melee: Club              |    46 |       |       ||    46
       Punch             |     2 |     2 |       ||     4
       Short sword       |    45 |    46 |       ||    91
       Mace              |       |    36 |       ||    36
       Quarterstaff      |       |       |    94 ||    94
 Cast: Sandblast         |    25 |    24 |    50 ||    99
       Stone Arrow       |       |    25 |    99 ||   124
  Use: Scroll            |       |     7 |     6 ||    13
       Potion            |       |     3 |     1 ||     4
 Stab: Sleeping          |     3 |       |       ||     3
Armor: Robe              |    23 |       |       ||    23
       Leather armour    |     8 |    59 |    40 ||   107
       Skin              |       |    22 |       ||    22
       Steam dragon scal |       |       |     1 ||     1
Dodge: Dodged            |    68 |   103 |   101 ||   272
